 Dungeon Crawl Stone Soup version 0.29.1-12-g30fa7ad0bf (webtiles) character file.

Game seed: 7391888786251463403

25 MisterFreud the Ducker (level 2, -3/14 HPs)
             Began as a Felid Berserker on Dec 28, 2022.
             Was a Follower of Trog.
             Slain by Jessica
             ... wielding a +2 spectral club
              (5 damage)
             ... on level 2 of the Dungeon.
             The game lasted 00:00:48 (1513 turns).

MisterFreud the Ducker (Felid Berserker)            Turns: 1513, Time: 00:00:49

Health: -3/14      AC:  1    Str: 13    XL:     2   Next: 82%
Magic:  3/3        EV: 18    Int:  8    God:    Trog [*.....]
Gold:   66         SH:  0    Dex: 15    Spells: 1/1 levels left
                                        Lives:  0   Deaths: 0

rFire   . . .      SeeInvis +     - Unarmed
rCold   . . .      Faith    .   (shield unavailable)
rNeg    . . .      Spirit   .   (body armour unavailable)
rPois   .          Reflect  .   (helmet unavailable)
rElec   .          Harm     .   (cloak unavailable)
rCorr   .          Rampage  .   (gloves unavailable)
Will    .....                   (boots unavailable)
Stlth   ++........              (no amulet)
HPRegen 0.04/turn               (no ring)
MPRegen 0.08/turn               (no ring)

@: quick
A: very small, claws 1, fangs 3, see invisible, speed 1, shaggy fur 1, stealthy
paws, no weapons or thrown items, no armour, multi-lived
a: Renounce Religion, Berserk


You were on level 2 of the Dungeon.
You worshipped Trog.
Trog was aware of your devotion.
You visited 1 branch of the dungeon, and saw 2 of its levels.

You collected 66 gold pieces.

Inventory:

Jewellery
 g - an amulet of reflection
Scrolls
 a - a scroll of teleportation
Potions
 b - a potion of haste
 c - a potion of lignification {unknown}
 e - 2 potions of curing
 f - a potion of attraction {unknown}
 h - a potion of flight {unknown}
 i - a potion of heal wounds {unknown}


   Skills:
 - Level 3.0 Fighting
 - Level 4.0 Dodging
 + Level 2.5 Stealth
 + Level 3.6 Unarmed Combat


You had one spell level left.
You didn't know any spells.
Your spell library was empty.

Dungeon Overview and Level Annotations

Branches:
Dungeon (2/15)

Altars:
Vehumet

Annotations:
D:2 Jessica


Innate Abilities, Weirdness & Mutations

You have sharp claws.
You have razor-sharp teeth.
You have supernaturally acute eyesight. (SInv)
You cover ground quickly. (Speed+)
You are covered in fur. (AC +1)
Your paws help you pounce on unaware monsters.
You are incapable of wielding weapons or throwing items.
You cannot wear armour.
You gain extra lives every three experience levels.


Message History

You barely miss the worm.
The worm is almost dead.
A worm is nearby!
You scratch the worm.
You kill the worm!
Trog accepts your kill.
You see here a worm corpse.
You open the door.
There is an open door here.
Found a stone staircase leading down.
No target in view!
There is a stone staircase leading down here.
An adder comes into view.
An adder is nearby!
An adder is nearby!
Jessica the Apprentice Sorceress comes into view.
She is wielding a +2 spectral club.
Found 18 gold pieces.
Jessica shouts!
Found a scroll of identify.
Jessica mumbles some strange words.
Jessica seems to speed up.
The adder hisses angrily.
The adder misses you.
You barely miss the adder. The adder completely misses you. Jessica misses you.
You miss the adder. Jessica barely misses you. The adder closely misses you.
You scratch the adder but do no damage.
Jessica shouts, "You're disturbing me!
I'll have to kill you!" Jessica misses you. The adder closely misses you.
You closely miss the adder. Jessica closely misses you.
The adder barely misses you. Jessica casts a spell at you.
Pain shoots through your body!
Ouch! That really hurt!
* * * LOW HITPOINT WARNING * * *
You are too injured to fight recklessly!
You claw Jessica!
Jessica is severely wounded.
The adder misses you.
Jessica hits you with a +2 spectral club.
You die...

##########
#.........
#######.........
#.....#.........
#.....#.........
+.....+..S......
#.....#.@@......
#+#
#.....#.........
#.#
#.....#.........
#.#
###.....########
#.#
#>............
#.#
#.#####.....##
#.# #.# #.....#
#.# #.# #####...
###'#####.# ?..


You could see an adder and Jessica (fast).

Vanquished Creatures
  A worm (D:2)
  2 dart slugs (D:1)
  4 endoplasms (D:1)
  A giant cockroach (D:1)
  2 hobgoblins (D:1)
  A kobold (D:1)
  A quokka (D:2)
  2 ball pythons (D:1)
  A frilled lizard (D:1)
  A goblin (D:2)
  A rat (D:1)
17 creatures vanquished.

Notes
Turn   | Place    | Note
-------+----------+-------------------------------------------
     0 | D:1      | MisterFreud the Felid Berserker began the quest for the
                  | Orb.
     0 | D:1      | Reached XP level 1. HP: 10/10 MP: 2/2
    61 | D:1      | Reached skill level 1 in Stealth
   227 | D:1      | Reached XP level 2. HP: 14/14 MP: 3/3
   547 | D:1      | Found a faded altar of an unknown god.
  1360 | D:2      | Found a radiant altar of Vehumet.
  1504 | D:2      | Noticed Jessica
  1513 | D:2      | Slain by Jessica

Illustrated notes

Levels and vault maps discovered:
D:1:      erik_arrival_cave_to_civilisation [erik_arrival_cave_to_hall],
          layout_loops_corners, nicolae_ecumenical_lake_church
D:2:      layout_basic, basic_altar, chequers_serial_rivers_room_a,
          minmay_misc_feat_roman, uniq_jessica

Skill      XL: |  1  2 |
---------------+-------+-----
Stealth        | 1 2 |  2.5
Fighting       | |  3.0
Dodging        | |  4.0
Unarmed Combat | |  3.6

Action                   || total
-------------------------++-------
Melee: Unarmed           ||    41
       Bite              ||     3
       Punch             ||     1
  Use: Scroll            ||     3
 Stab: Sleeping          ||     5
Dodge: Dodged            ||    29
